 Dungeon Crawl Stone Soup version 0.31-a0-986-g5e6e4ef867 (webtiles) character file.

Game seed: 15732764293781039695

4552 zzzz the Cleaver (level 10, 0/86 HPs)
             Began as a Hill Orc Fighter on Nov 15, 2023.
             Succumbed to a water moccasin's poison
             ... on level 1 of the Lair of Beasts.
             The game lasted 00:17:56 (6452 turns).

zzzz the Cleaver (Hill Orc Fighter)                 Turns: 6452, Time: 00:17:56

Health: 0/86       AC: 18    Str: 26    XL:     10   Next: 40%
Magic:  12/12      EV:  8    Int:  8    God:
Gold:   378        SH:  5    Dex: 12    Spells: 14/16 levels left

rFire   x . .        o - +4 war axe (heavy)
rCold   . . .        c - +0 buckler
rNeg    + . .        m - +0 plate armour
rPois   .            x - +0 helmet
rElec   .            e - +0 cloak
rCorr   +            b - +1 pair of gloves of Absolutism {Fly rF- rN+ Str+4}
SInv    .            (no boots)
Will    .....        (no amulet) Stlth
                     D - ring of resist corrosion
HPRegen 0.00/turn    (no ring)
MPRegen 0.13/turn

%: no passive effects
@: lethally poisoned (0 -> -15), flying, inhibited regen
A: deterioration 1, low MP 2, inhibited regeneration
a: no special abilities


You were on level 1 of the Lair of Beasts.
You visited 2 branches of the dungeon, and saw 9 of its levels.

You collected 378 gold pieces.

Inventory:

Hand Weapons
 a - a +0 war axe
 o - a +4 heavy war axe (weapon)
 t - a +0 shortbow
Missiles
 j - 6 poisoned darts
 l - 4 curare-tipped darts
 A - 6 datura-tipped darts
Armour
 b - the +1 pair of gloves of Absolutism (worn) {Fly rF- rN+ Str+4}
   (You acquired it on level 4 of the Dungeon)

   Str+4:     It affects your strength (+4).
   rF-:       It makes you vulnerable to fire.
   rN+:       It protects you from negative energy.
   Fly:       It grants you flight.
 c - a +0 buckler (worn)
 e - a +0 cloak (worn)
 i - a +0 pair of gloves
 m - a +0 plate armour (worn)
 x - a +0 helmet (worn)
Jewellery
 D - a ring of resist corrosion (left hand)
Wands
 r - a wand of roots (15)
 u - a wand of mindburst (28)
 v - a wand of paralysis (17)
Scrolls
 g - 3 scrolls of teleportation
 p - a scroll of revelation
 q - 2 scrolls of amnesia
 w - 3 scrolls of identify
 y - a scroll of vulnerability {unknown}
 B - a scroll of noise {unknown}
 C - a scroll of fear {unknown}
Potions
 d - a potion of might
 f - 6 potions of curing {unknown}
 h - a potion of brilliance {unknown}
 k - a potion of attraction {unknown}
 n - 2 potions of berserk rage {unknown}
 s - a potion of cancellation {unknown}
 z - a potion of invisibility {unknown}


   Skills:
 + Level 7.2 Fighting
 + Level 12.3 Axes
 + Level 7.6 Armour
 + Level 2.0 Dodging
 + Level 0.3 Stealth
 + Level 5.6 Shields
 + Level 3.8 Spellcasting
 + Level 0.6 Hexes
 + Level 3.3 Summonings


You had 14 spell levels left.
You knew the following spells:

 Your Spells              Type           Power      Damage    Failure   Level
a - Slow                  Hex            8%         N/A       96%         1
b - Summon Small Mammal   Summ           24%        N/A       69%         1

Your spell library contained the following spells:

 Spells                   Type           Power      Damage    Failure   Level
 Call Canine Familiar     Summ           6%         N/A       96%         3
 Summon Guardian Golem    Hex/Summ       4%         N/A       99%         3
 Confusing Touch          Hex            2%         N/A       100%        3
 Sigil of Binding         Hex            2%         N/A       100%        3
 Vampiric Draining        Necr           1%         2d6       100%        3


Dungeon Overview and Level Annotations

Branches:
Dungeon (8/15)             Temple (0/1) D:4            Lair (1/5) D:8

Altars:
Cheibriados
Hepliaklqana
Kikubaaqudgha
Qazlal
Xom
Yredelemnul
The Shining One

Shops:
D:1 (   D:4 (


Innate Abilities, Weirdness & Mutations

Your body sometimes deteriorates upon taking damage.
Your magical capacity is very low. (-20% MP)
You do not regenerate when monsters are visible.


Message History

You cut the blink frog into ribbons!!!
You kill the blink frog!
You slash the blink frog!
The blink frog hits you but does no damage.
The blink frog hits you.
* * * LOW HITPOINT WARNING * * *
The blink frog blinks!
You hear a loud, deep croak!
You see here a blink frog corpse.
You slice the blink frog!!
The blink frog is almost dead.
Your surroundings suddenly seem different.
A water moccasin, a yak and a blink frog come into view.
The water moccasin hisses angrily.
The yak bellows!
The blink frog gives a loud, deep croak!
The water moccasin bites you but does no damage.
The blink frog blinks!
A yak comes into view.
The water moccasin bites you!
* * * LOW HITPOINT WARNING * * *
A yak comes into view. x2; A blink frog comes into view.
The yak bellows! x2
You slice the water moccasin!!
The water moccasin is severely wounded.
The water moccasin closely misses you.
The water moccasin bites you but does no damage.
A blink frog comes into view.
You closely miss the water moccasin.
The water moccasin is severely wounded.
The blink frog croaks.
You hear a loud, deep croak!
The water moccasin bites you.
* * * LOW HITPOINT WARNING * * *
You are lethally poisoned!
The water moccasin poisons you!
A blink frog comes into view.
The water moccasin bites you.
* * * LOW HITPOINT WARNING * * *
You barely miss the water moccasin.
The water moccasin is severely wounded.
You die...

.............
........... .
......... .F
....... ...
..... .... #...
.....
##.S#......
#..@.F.....
#...........
...Y.Y.........
...Y...##......
...Y... ......
....... ......
....... .....
....... .....


You could see 4 yaks, 2 blink frogs and a water moccasin.

Vanquished Creatures
  A boulder beetle (Lair:1)
  2 blink frogs (Lair:1)
  Sigmund (D:3)
  A water moccasin (D:7)
  An orc warrior (D:7)
  2 black bears
  An ice beast (D:5)
  A sky beast (D:6)
  6 wolves (Lair:1)
  2 ogres (D:5)
  4 centaurs
  3 phantoms
  A bullfrog (D:7)
  3 scorpions
  4 wights (D:6)
  8 killer bees
  6 howler monkeys
  3 hounds
  A jelly (D:4)
  3 orc priests
  3 sleepcaps
  5 iguanas
  4 orc wizards
  4 gnolls (D:6)
  6 adders
  3 worms
  5 dart slugs
  9 orcs
  8 bats
  3 endoplasms
  5 giant cockroaches
  6 goblins
  4 hobgoblins
  4 jackals (D:3)
  2 kobolds
  4 quokkas
  6 ball pythons
  4 frilled lizards
  5 rats
  A spectral kobold (D:3)
145 creatures vanquished.

Notes
Turn   | Place    | Note
-------+----------+-------------------------------------------
     0 | D:1      | zzzz the Hill Orc Fighter began the quest for the Orb.
     0 | D:1      | Reached XP level 1. HP: 19/19 MP: 1/1
   182 | D:1      | Found Fociv's Antique Weapon Emporium.
   186 | D:1      | Reached XP level 2. HP: 27/27 MP: 2/2
   408 | D:1      | Reached skill level 3 in Axes
   619 | D:2      | Reached XP level 3. HP: 33/33 MP: 3/3
   700 | D:2      | Learned a level 1 spell: Slow
  1303 | D:3      | Reached skill level 4 in Axes
  1303 | D:3      | Reached XP level 4. HP: 28/40 MP: 2/4
  1465 | D:3      | Reached XP level 5. HP: 46/46 MP: 5/5
  1534 | D:3      | Noticed Sigmund
  1541 | D:3      | Killed Sigmund
  1542 | D:3      | Reached skill level 5 in Axes
  1542 | D:3      | Reached XP level 6. HP: 53/53 MP: 6/6
  1570 | D:3      | Found a stormy altar of Qazlal.
  1584 | D:3      | Found a shimmering altar of Xom.
  1663 | D:3      | Found a hazy altar of Hepliaklqana.
  1914 | D:4      | Reached skill level 1 in Dodging
  1950 | D:4      | Found Lecvef's Weapon Emporium.
  2036 | D:4      | Found an ancient bone altar of Kikubaaqudgha.
  2120 | D:4      | Reached skill level 6 in Axes
  2226 | D:4      | Reached XP level 7. HP: 55/60 MP: 7/7
  2300 | D:4      | Found a staircase to the Ecumenical Temple.
  2693 | D:4      | Identified a scroll of acquirement
  2694 | D:4      | Acquired the +1 pair of gloves of Absolutism {Fly rF- rN+
                  | Str+4}
  2709 | D:5      | Entered Level 5 of the Dungeon
  2724 | D:5      | Reached skill level 5 in Armour
  2866 | D:5      | Reached skill level 5 in Fighting
  2866 | D:5      | Reached skill level 7 in Axes
  3249 | D:5      | Reached XP level 8. HP: 50/68 MP: 8/8
  3310 | D:5      | Reached skill level 8 in Axes
  3781 | D:6      | Reached skill level 9 in Axes
  3841 | D:6      | Reached skill level 10 in Axes
  3914 | D:6      | Reached skill level 5 in Shields
  3915 | D:6      | Reached XP level 9. HP: 78/78 MP: 9/9
  3989 | D:6      | Reached skill level 11 in Axes
  4141 | D:6      | Found a snail-covered altar of Cheibriados.
  4713 | D:7      | Learned a level 1 spell: Summon Small Mammal
  4955 | D:7      | Reached skill level 1 in Spellcasting
  4981 | D:7      | Gained mutation: Your body sometimes deteriorates upon
                  | taking damage. [mutagenic glow]
  5084 | D:7      | Found a basalt altar of Yredelemnul.
  5238 | D:7      | Reached skill level 1 in Summonings
  5468 | D:7      | Found a glowing golden altar of the Shining One.
  5470 | D:7      | Noticed an angel
  5486 | D:7      | Noticed a profane servitor
  5670 | D:7      | Gained mutation: Your magical capacity is low. (-10% MP)
                  | [mutagenic glow]
  5879 | D:7      | Gained mutation: Your magical capacity is very low. (-20%
                  | MP) [mutagenic glow]
  6068 | D:7      | Gained mutation: You do not regenerate when monsters are
                  | visible. [mutagenic glow]
  6275 | D:8      | Found a staircase to the Lair.
  6289 | Lair:1   | Entered Level 1 of the Lair of Beasts
  6303 | Lair:1   | Identified the +1 leather armour of Gestures {rF++ Regen+
                  | rCorr Dex-5}
  6325 | Lair:1   | Reached XP level 10. HP: 55/84 MP: 10/12
  6331 | Lair:1   | Reached skill level 12 in Axes
  6427 | Lair:1   | Noticed a boulder beetle
  6436 | Lair:1   | Killed a boulder beetle
  6451 | Lair:1   | HP: 4/86 [water moccasin (4)]
  6452 | Lair:1   | Succumbed to a water moccasin's poison

Illustrated notes

Levels and vault maps discovered:
D:1:      onia_arrival_mini_maze_b, layout_loops_ring, serial_shops, shop
D:2:      layout_rooms, grunt_decor_arrowhead
D:3:      layout_rooms, nicolae_hepliaklqana_monster_ancestors,
          mainiacjoe_overflow_catwalk_spiral, uniq_sigmund
D:4:      layout_loops_corners, lemuel_tele_altar,
          minmay_temple_entry_drinking_statues, serial_shops,
          nicolae_shop_bloodbath_and_beyond, chequers_serial_rivers_micro_a,
          st_stairs_12
D:5:      layout_basic, minmay_misc_feat_enclosed
D:6:      layout_cave_pools, cheibriados_altar_1, chequers_serial_rivers_small_a
D:7:      layout_loops_cross, grunt_temple_overflow_holy_war
D:8:      layout_loops_corners, lair_entry_dummy
Lair:1:   layout_cave_shapes

Skill      XL: |  1  2  3  4  5  6  7  8  9 10 |
---------------+-------------------------------+-----
Fighting       | 4 5 6 7 |  7.2
Axes           | 3 4 5 6 7 10 11 12 | 12.3
Armour         | 4 5 6 7 |  7.6
Shields        | 4 5 |  5.6
Dodging        | 1 2 |  2.0
Spellcasting   | 3 |  3.8
Summonings     | 2 3 |  3.3
Stealth        | |  0.3
Hexes          | |  0.6

Action                     |  1- 3 |  4- 6 |  7- 9 | 10-12 || total
---------------------------+-------+-------+-------+-------++-------
  Melee: War axe           |    92 |    69 |   134 |    19 ||   314
   Cast: Summon Small Mamm |       |       |     3 |     1 ||     4
    Use: Scroll            |       |     5 |     7 |     1 ||    13
 Armour: Scale mail        |   107 |    42 |       |       ||   149
         Plate armour      |       |    25 |   211 |    35 ||   271
  Dodge: Dodged            |    54 |    42 |    85 |    16 ||   197
  Block: Buckler           |    29 |    18 |    62 |    14 ||   123

Table legend: (Time is in decaauts)
 A = Elapsed time spent in this place.
 B = Non-inter-level travel time spent in this place.
 C = Inter-level travel time spent in this place.
 D = Time resting spent in this place.
 E = Time spent auto-exploring this place.
 F = Levels seen in this place.
 G = Mean time per level.
                   A        B        C        D        E       F      G
               +--------+--------+--------+--------+--------+-----+--------+
         Total |   6639 |   6639 |      0 |    452 |   3948 |   9 |  737.7 |
       Dungeon |   6468 |   6468 |      0 |    374 |   3921 |   8 |  808.5 |
          Lair |    170 |    170 |      0 |     78 |     27 |   1 |  170.0 |
               +--------+--------+--------+--------+--------+-----+--------+

Top non-repeatable levels by time:
     D:7: 1627 daAuts
     D:5: 1072 daAuts
     D:4: 872 daAuts
     D:6: 773 daAuts
     D:3: 768 daAuts
     D:1: 627 daAuts
     D:2: 560 daAuts
  Lair:1: 170 daAuts
     D:8: 165 daAuts
